 Dungeon Crawl Stone Soup version 0.29.0 (webtiles) character file.

Game seed: 16585882569216914737

12677 LynnLen the Jinx (level 11, -14/67 HPs)
             Began as a Vampire Enchanter on Aug 25, 2022.
             Was a Priest of Dithmenos.
             Demolished by a boulder beetle (19 damage)
             ... on level 12 of the Dungeon.
             The game lasted 00:54:43 (16860 turns).

LynnLen the Jinx (Vampire Enchanter)               Turns: 16860, Time: 00:54:43

Health: -14/67     AC: 12    Str:  7    XL:     11   Next: 65%
Magic:  22/22      EV: 11    Int: 21    God:    Dithmenos [***...]
Gold:   1430       SH:  0    Dex: 16    Spells: 7/25 levels left

rFire   . . .      SeeInvis +   a - +1 dagger (vorpal)
rCold   + + .      Faith    .   (no shield)
rNeg    + + +      Spirit   .   H - +0 acid dragon scales
rPois   ∞          Reflect  .   (no helmet)
rElec   .          Harm     .   s - scarf {shadows}
rCorr   +          Rampage  .   j - +0 pair of gloves
Will    +....                   D - +0 pair of boots
Stlth   ++++++....              E - amulet of magic regeneration
HPRegen 0.00/turn               e - +4 ring of protection
MPRegen 0.58/turn               (no ring)

@: about to teleport, bloodless, inhibited regen, wreathed by umbra
A: bloodless, fangs 3, see invisible, vampiric 2
a: Bat Form, Revivify, Renounce Religion, Shadow Step


You were on level 12 of the Dungeon.
You worshipped Dithmenos.
Dithmenos was most pleased with you.
You visited 2 branches of the dungeon, and saw 13 of its levels.
You also visited: Bailey.

You collected 1430 gold pieces.

Inventory:

Hand Weapons
 a - a +1 vorpal dagger (weapon)
 o - a +0 sling
 P - a +2 dagger of venom
Missiles
 d - 80 stones
 u - 7 throwing nets
 J - 18 poisoned darts
 K - a curare-tipped dart
Armour
 b - +0 steam dragon scales
 j - a +0 pair of gloves (worn)
 s - a scarf of shadows (worn)
 D - a +0 pair of boots (worn)
 H - +0 acid dragon scales (worn)
Jewellery
 e - a +4 ring of protection (left hand)
 y - a ring of poison resistance
 A - an amulet of the acrobat
 E - an amulet of magic regeneration (around neck)
 M - a ring of protection from cold
 Q - a ring of ice
Wands
 r - a wand of flame (29)
 F - a wand of mindburst (26)
 N - a wand of charming (4)
Scrolls
 h - a scroll of teleportation
 m - 2 scrolls of magic mapping
 n - 2 scrolls of poison
 p - 2 scrolls of fog
 q - 2 scrolls of fear
 t - a scroll of enchant armour {unknown}
 v - a scroll of blinking
 w - a scroll of noise {unknown}
 B - a scroll of amnesia {unknown}
 G - a scroll of vulnerability
 L - 2 scrolls of acquirement {unknown}
 R - a scroll of immolation {unknown}
Potions
 c - 3 potions of invisibility
 f - 3 potions of lignification
 g - 3 potions of berserk rage
 i - a potion of attraction
 k - a potion of flight
 l - 4 potions of curing
 x - 2 potions of cancellation
 z - a potion of brilliance
 C - a potion of resistance
 I - 2 potions of ambrosia {unknown}
 O - 2 potions of mutation {unknown}


   Skills:
 + Level 7.0 Fighting
 + Level 7.7 Short Blades
 - Level 2.1 Dodging
 - Level 4.4 Stealth
 + Level 7.5 Spellcasting
 + Level 5.3 Conjurations
 + Level 12.1 Hexes
 - Level 4.1 Summonings
 - Level 4.0 Ice Magic
 + Level 5.0 Invocations


You had 7 spell levels left.
You knew the following spells:

 Your Spells              Type           Power      Damage    Failure   Level
a - Ensorcelled Hibernat  Hex/Ice        82%        N/A       1%          2
b - Confusing Touch       Hex            56%        N/A       1%          3
c - Tukima's Dance        Hex            56%        N/A       1%          3
d - Dazzling Flash        Conj/Hex       88%        N/A       1%          3
e - Summon Guardian Gole  Hex/Summ       42%        N/A       1%          3
f - Fulminant Prism       Conj/Hex       22%        3d13      4%          4

Your spell library contained the following spells:

 Spells                   Type           Power      Damage    Failure   Level
 Magic Dart               Conj           100%       1d8       1%          1
 Slow                     Hex            100%       N/A       1%          1
 Searing Ray              Conj           60%        2d6       2%          2
 Summon Small Mammal      Summ           100%       N/A       3%          1
 Call Imp                 Summ           25%        N/A       4%          2
 Portal Projectile        Hex/Tloc       66%        N/A       4%          3
 Call Canine Familiar     Summ           25%        N/A       9%          3
 Sandblast                Erth           14%        2d6       16%         1
 Sting                    Tmut/Pois      28%        1d4       16%         1
 Stone Arrow              Conj/Erth      38%        3d9       16%         3
 Mephitic Cloud           Conj/Pois/Air  15%        N/A       22%         3
 Passwall                 Tmut/Erth      5%         N/A       24%         2
 Poisonous Vapours        Pois/Air       14%        N/A       24%         2
 Vampiric Draining        Necr           7%         2d6       43%         3
 Iskenderun's Battlesphe  Conj           30%        2d8       43%         5
 Fireball                 Conj/Fire      9%         3d6       83%         5
 Olgreb's Toxic Radiance  Pois           7%         N/A       85%         4
 Blade Hands              Tmut           3%         N/A       99%         5
 Conjure Ball Lightning   Conj/Air       9%         3x3d6     100%        6
 Orb of Destruction       Conj           15%        9d7       100%        7


Dungeon Overview and Level Annotations

Branches:
Dungeon (12/15)            Temple (1/1) D:6            Lair (0/5) D:8
    Orc (0/2) D:9          Bailey (visited)

Altars:
Ashenzari
Cheibriados
Dithmenos
Fedhas
Gozag
Hepliaklqana
Kikubaaqudgha
Makhleb
Nemelex Xobeh
Okawaru
Qazlal
Ru
Sif Muna
Uskayaw
Vehumet
Wu Jian
Xom
Yredelemnul

Annotations:
D:12 2 runed translucent doors, Anyutwal's ghost, journeyman HOFi
Temple 2 transporters


Innate Abilities, Weirdness & Mutations

You do not regenerate when monsters are visible.
You are frail without blood (-20% HP).
You can heal yourself when you bite living creatures.
You are immune to poison.
You have razor-sharp teeth.
You have supernaturally acute eyesight. (SInv)
You are afflicted with vampirism and can become a bat while bloodless.


Message History

You barely miss the gargoyle.
The gargoyle is severely damaged.
The gargoyle hits you with a +0 mace!!
You hit the gargoyle but do no damage.
You bite the gargoyle, but do no damage.
The gargoyle is severely damaged.
You catch the helpless gargoyle completely off-guard!
You impale the gargoyle!!
You destroy the gargoyle!
Dithmenos accepts your kill.
You see here a +0 mace.
You start resting.
HP restored.
There is an open door here.
You open the door.
There is an open door here.
As you open the door, it creaks loudly!
A troll and a boulder beetle come into view.
The troll shouts!
The boulder beetle curls into a ball and begins rolling!
There are monsters nearby!
Okay, then.
The boulder beetle attacks as you move away!
The boulder beetle hits you!!!
Ouch! That really hurt!
You emit a cloud of dark smoke.
The boulder beetle stops rolling and uncurls.
The boulder beetle curls into a ball and begins rolling!
Blink to where?
Press: ? - help, Dir - move target
As you read the scroll of blinking, it crumbles to dust.
As you read the scroll of teleportation, it crumbles to dust.
You feel strangely unstable. The boulder beetle hits you!!
* * * LOW HITPOINT WARNING * * *
The boulder beetle stops rolling and uncurls.
There is an open door here.
The boulder beetle attacks as you move away!
The boulder beetle bites you!!
You die...

... ##'###### ###'#### ....
#.......# ####......#
.....#######.......###..'..|...#
.....T°B§.§T.......##..##......#
.....#######...)...#..###......#
.... #.......+.## #......# ###
#...°...### #......# #...B...#
#......# ####@#### #......#
#...# ###...## ##'########
####.## #.........### #<....#
#.........'.###.....#
#.........#...#.>...#
####.........###.#.....#
#..'.........# #.......#
..####)##.......).# ###.....#


You could see a boulder beetle and a troll.

Vanquished Creatures
  Fannar (D:12)
  A boulder beetle (D:11)
  4 two-headed ogres
  A manticore (D:12)
  A gargoyle (D:12)
  A troll (D:11)
  A hornet (D:11)
  2 wraiths
  2 wyverns (D:10)
  8 yaks (D:9)
  A steam dragon (D:7)
  Menkaure (D:4)
  2 water moccasins
  2 acid dragons
  2 orc warriors
  2 ice beasts
  3 black bears
  3 ogres
  5 wolves (Bailey)
  2 kobold brigands
  A phantom (D:6)
  3 centaurs
  Blork the orc (D:4)
  4 bullfrogs
  4 gnoll sergeants
  A necrophage (D:5)
  3 scorpions
  6 wights
  9 killer bees
  A howler monkey (D:7)
  3 electric eels (D:7)
  3 orc priests
  6 hounds
  A jelly (D:7)
  3 gnoll boudas
  2 iguanas (D:5)
  6 orc wizards
  A hell rat (D:8)
  21 gnolls
  8 adders
  2 shadow imps
  6 dart slugs
  A worm (D:2)
  28 orcs
  9 ball pythons
  5 endoplasms
  2 giant cockroaches
  5 goblins
  7 hobgoblins
  6 jackals
  A quokka (D:3)
  A bat (D:1)
  6 frilled lizards (D:1)
  15 kobolds
  8 rats
234 creatures vanquished.

Vanquished Creatures (collateral kills)
  Grum (Bailey)
  2 centaurs
  6 gnoll sergeants
  3 wights (D:10)
  4 gnoll boudas (Bailey)
  2 orc priests
  17 gnolls
  2 kobolds (D:9)
37 creatures vanquished.

Vanquished Creatures (others)
  22 dancing weapons
  An ice beast (D:7)
  2 fulminant prisms (Bailey)
  3 fungi (D:2)
  66 plants
94 creatures vanquished.

Grand Total: 365 creatures vanquished

Notes
Turn   | Place    | Note
-------+----------+-------------------------------------------
     0 | D:1      | LynnLen the Vampire Enchanter began the quest for the Orb.
     0 | D:1      | Reached XP level 1. HP: 13/13 MP: 3/3
   188 | D:1      | Reached XP level 2. HP: 12/15 MP: 5/5
   436 | D:1      | Learned a level 2 spell: Ensorcelled Hibernation
   505 | D:1      | Reached skill level 5 in Hexes
   748 | D:1      | Gained mutation: You are afflicted with vampirism and can
                  | become a bat while bloodless. [Vampire growth]
   748 | D:1      | Reached XP level 3. HP: 20/20 MP: 4/7
   752 | D:1      | Learned a level 3 spell: Confusing Touch
  1246 | D:2      | Reached skill level 1 in Fighting
  1516 | D:2      | Found a faded altar of an unknown god.
  2019 | D:2      | Reached skill level 1 in Ice Magic
  2019 | D:2      | Reached XP level 4. HP: 25/25 MP: 3/8
  2032 | D:2      | Learned a level 3 spell: Tukima's Dance
  2601 | D:3      | Noticed an ogre
  2621 | D:3      | Killed an ogre
  2622 | D:3      | Reached skill level 6 in Hexes
  2622 | D:3      | Reached XP level 5. HP: 30/30 MP: 3/10
  2836 | D:4      | Noticed Menkaure
  2857 | D:4      | Killed Menkaure
  2858 | D:4      | Reached XP level 6. HP: 10/36 MP: 9/11
  3076 | D:4      | Learned a level 3 spell: Dazzling Flash
  3522 | D:4      | Noticed Blork the orc
  3549 | D:4      | Killed Blork the orc
  3802 | D:4      | Found a shimmering blue altar of Sif Muna.
  4066 | D:5      | Entered Level 5 of the Dungeon
  4080 | D:5      | Reached skill level 7 in Hexes
  4179 | D:5      | Reached XP level 7. HP: 40/40 MP: 7/12
  4229 | D:5      | Reached skill level 1 in Conjurations
  4513 | D:5      | Reached XP level 8. HP: 45/46 MP: 9/14
  4567 | D:5      | Reached skill level 8 in Hexes
  4900 | D:5      | Reached skill level 5 in Spellcasting
  5497 | D:6      | HP: 2/48 [gnoll/+0 halberd (6)]
  5889 | D:6      | Found a staircase to the Ecumenical Temple.
  5932 | Temple   | Entered the Ecumenical Temple
  5934 | Temple   | Found a transporter.
  5934 | Temple   | Found a transporter.
  5936 | Temple   | Found a transporter.
  5936 | Temple   | Found a transporter.
  6013 | Temple   | Became a worshipper of Dithmenos the Shadowed
  6253 | D:6      | Reached skill level 9 in Hexes
  6253 | D:6      | Reached XP level 9. HP: 52/52 MP: 15/17
  7172 | D:7      | Reached skill level 1 in Invocations
  7646 | D:7      | Reached skill level 5 in Short Blades
  7720 | D:7      | Reached skill level 5 in Fighting
  8270 | D:7      | Reached * piety under Dithmenos
  8761 | D:8      | Found a flagged portal.
  8791 | Bailey   | Entered a bailey
  9249 | Bailey   | Reached skill level 10 in Hexes
  9258 | Bailey   | Learned a level 3 spell: Summon Guardian Golem
  9263 | Bailey   | Learned a level 4 spell: Fulminant Prism
 10064 | Bailey   | Noticed Grum
 10088 | Bailey   | Reached XP level 10. HP: 54/59 MP: 15/19
 10199 | Bailey   | Reached ** piety under Dithmenos
 10205 | Bailey   | Killed Grum
 10539 | Bailey   | Reached skill level 1 in Summonings
 11038 | D:8      | Found a staircase to the Lair.
 11038 | D:8      | Noticed a death yak
 11038 | D:8      | Noticed a death yak
 11556 | D:8      | Noticed a cyclops
 12396 | D:9      | Identified the +1 leather armour "Torhuam" {Fly Will+
                  | Stlth+}
 12419 | D:9      | Reached skill level 11 in Hexes
 12496 | D:9      | Found a staircase to the Orcish Mines.
 12990 | D:10     | Entered Level 10 of the Dungeon
 13004 | D:10     | Noticed a two-headed ogre
 13123 | D:10     | Found a blossoming altar of Fedhas.
 13126 | D:10     | Killed a two-headed ogre
 13259 | D:10     | Reached *** piety under Dithmenos
 13389 | D:10     | Found a shimmering altar of Xom.
 13657 | D:10     | Reached XP level 11. HP: 66/66 MP: 21/21
 13661 | D:10     | Found a stormy altar of Qazlal.
 13927 | D:10     | Noticed a two-headed ogre
 13946 | D:10     | Killed a two-headed ogre
 14449 | D:11     | Noticed a boulder beetle
 14474 | D:11     | Killed a boulder beetle
 14887 | D:11     | Reached skill level 5 in Conjurations
 15257 | D:11     | Noticed a two-headed ogre
 15321 | D:11     | Killed a two-headed ogre
 15631 | D:11     | Noticed a two-headed ogre
 16104 | D:12     | Noticed Fannar
 16126 | D:12     | Killed Fannar
 16264 | D:12     | Noticed a two-headed ogre
 16269 | D:12     | Killed a two-headed ogre
 16270 | D:12     | Reached skill level 12 in Hexes
 16396 | D:12     | Reached skill level 5 in Invocations
 16484 | D:12     | Found a runed translucent door.
 16485 | D:12     | Noticed a necromancer
 16492 | D:12     | Noticed a lich
 16492 | D:12     | Noticed a boulder beetle
 16492 | D:12     | Noticed a frost giant
 16494 | D:12     | Noticed Anyutwal's ghost (journeyman HOFi)
 16495 | D:12     | Found a runed translucent door.
 16499 | D:12     | Noticed a deep troll earth mage
 16851 | D:12     | Noticed a boulder beetle
 16860 | D:12     | Demolished by a boulder beetle

Illustrated notes

Levels and vault maps discovered:
D:1:      dpeg_arrival_pond, layout_loops_corners, solitary_fountain,
          minmay_distorted
D:2:      layout_basic, dreamdust_ecumenical_altar_hidden_monk_grotto
D:3:      layout_basic, elyvilon_altar_3
D:4:      layout_loops_ring, nicolae_sif_muna_little_library,
          grunt_decor_fettered, uniq_menkaure, uniq_blork_the_orc
D:5:      layout_rooms
D:6:      layout_loops_ring, minmay_temple_entry_wispy
D:7:      layout_rooms, serial_bayou, serial_bayou_pond_d, serial_bayou_pond_c,
          serial_bayou_lagoon_b, serial_bayou_shore_a, lemuel_flame_loot_1
D:8:      layout_loops_ring, dpeg_lair_monsters, enter_bailey_2,
          minmay_misc_feat_pillars
D:9:      layout_loops_ring, minmay_orc_entry_temple_small
D:10:     layout_grid_maze, fedhas_altar_2, mainiacjoe_overflow_tiny_flanked,
          nicolae_qazlal_scattered_showers
D:11:     layout_basic, uniq_grum
D:12:     layout_roguey, muffindrake_ghost_dual_entry, uniq_fannar, uniq_kirke
Temple:   hellmonk_temple_divided_pantheon

Skill      XL: |  1  2  3  4  5  6  7  8  9 10 11 |
---------------+----------------------------------+-----
Hexes          | 5 6 7 9 10 11 12 | 12.1
Fighting       | 1 2 3 4 5 6 7 |  7.0
Spellcasting   | 3 4 5 6 7 |  7.5
Ice Magic      | 1 2 3 4 |  4.0
Conjurations   | 1 2 3 4 5 |  5.3
Short Blades   | 2 4 5 6 7 |  7.7
Invocations    | 2 4 5 |  5.0
Summonings     | 3 4 |  4.1
Dodging        | |  2.1
Stealth        | |  4.4

Action                   |  1- 3 |  4- 6 |  7- 9 | 10-12 || total
-------------------------+-------+-------+-------+-------++-------
Melee: Dagger            |    85 |   149 |   537 |   351 ||  1122
       Bite              |     6 |    25 |    77 |    70 ||   178
       Punch             |     1 |     2 |     5 |     6 ||    14
Throw: Stone             |       |       |    10 |       ||    10
 Cast: Ensorcelled Hiber |    11 |    24 |    46 |    35 ||   116
       Confusing Touch   |       |     2 |    13 |     8 ||    23
       Tukima's Dance    |       |     1 |    45 |    42 ||    88
       Fulminant Prism   |       |       |     2 |       ||     2
       Dazzling Flash    |       |       |     2 |       ||     2
 Abil: Exsanguinate      |     1 |       |       |       ||     1
Evoke: Wand              |       |       |    11 |       ||    11
  Use: Scroll            |     1 |     4 |     8 |    11 ||    24
       Potion            |       |     2 |     9 |     1 ||    12
 Stab: Sleeping          |    23 |    20 |    37 |    38 ||   118
       Confused          |       |     3 |    11 |    10 ||    24
       Invisible         |       |     1 |     4 |     1 ||     6
       Distracted        |       |       |     1 |     2 ||     3
Armor: Robe              |    15 |    51 |    96 |       ||   162
       Steam dragon scal |       |       |    37 |       ||    37
       Acid dragon scale |       |       |    31 |   115 ||   146
Dodge: Dodged            |    37 |    76 |   287 |   177 ||   577
